cohdb
Replays
Latest Replays
All Replays
Popular Replays
Top Player Replays
Match Explorer
How It Works
Community
CoH3 Stats
Reddit
Sign in to upload your games and track your stats! →
Sign in with Steam
Match 42641849
Unlisted
Match 42641849
Overview
Messages
Build Orders
End
Royal Engineer Section
Construct Section Command Post
Infantry Section
Selects Indian Artillery Battlegroup
ML 3-inch Mortar Team
Grenade Package
Selects Towed ML 4.2-inch Heavy Mortar
Towed ML 4.2-inch Heavy Mortar
Infantry Section
Selects War Cry
Construct Platoon Command Post
Selects Gurkha Rifles Section
Gurkha Rifles Section
Gurkha Rifles Section
6-pounder Anti-tank Gun Team
Infantry Training
Selects Pillage
6-pounder Anti-tank Gun Team
Construct Company Command Post
Selects Off-map Airburst Barrage
Off-map Airburst Barrage
Selects Perimeter Monitor
Perimeter Monitor
Tok3n x Operator
TechT0nic
MonoChrome
BaYdee
Zest-God
w0nder
0
0
Comments
sign in to comment!
No comments posted yet!